| TOP OF THE 1ST |
|
New Hampshire Fisher Cats batting - Pitching for Birmingham Barons : RHP Nate Ragain
|
|
Pitching: RHP Nate Ragain
|
|
|
Batting: LHB Ray Whitehead
|
0-0: Called Strike 0-1: Ball 1-1: Foul Ball, location: 2F 1-2: Ground out 4-3 (Groundball, 34, EV 77.5 MPH)
|
|
Batting: LHB Sumiki Okuhara
|
0-0: Ball 1-0: Ground out U3 (Groundball, 34S, EV 85.0 MPH)
|
|
Batting: RHB Donny Burnside
|
0-0: Called Strike 0-1: Foul Ball, location: 2F 0-2: Foul Ball, location: 2F 0-2: Ball 1-2: Ball 2-2: SINGLE (Line Drive, 34, EV 98.1 MPH)
|
|
Batting: RHB Eddie LaRose
|
0-0: Ball Donny Burnside steals 2nd base (no throw) 1-0: Foul Ball, location: 2F 1-1: Ground out U3 (Groundball, 34, EV 81.9 MPH)
|
| Top of the 1st over - 0 runs, 1 hit, 0 errors, 1 left on base; New Hampshire 0 - Birmingham 0 |
| BOTTOM OF THE 1ST |
|
Birmingham Barons batting - Pitching for New Hampshire Fisher Cats : LHP Jon Sosa
|
|
Pitching: LHP Jon Sosa
|
|
|
Batting: RHB Justin Walker
|
0-0: Ground out 6-3 (Groundball, 6, EV 76.9 MPH)
|
|
Batting: RHB Dieter Knoops
|
0-0: Ball 1-0: Called Strike 1-1: Ball 2-1: SINGLE (Line Drive, 56D, EV 101.9 MPH)
|
|
Batting: LHB Ryan Karg
|
0-0: Called Strike 0-1: Fly out, F7 (Flyball, 78M, EV 71.9 MPH)
|
|
Batting: RHB Justin Starnes
|
0-0: Called Strike Dieter Knoops steals 2nd base 0-1: Ground out U3 (Groundball, 34S, EV 85.6 MPH)
|
| Bottom of the 1st over - 0 runs, 1 hit, 0 errors, 1 left on base; New Hampshire 0 - Birmingham 0 |
| TOP OF THE 2ND |
|
New Hampshire Fisher Cats batting - Pitching for Birmingham Barons : RHP Nate Ragain
|
|
Batting: RHB Greg Callaghan
|
0-0: Swinging Strike 0-1: Swinging Strike 0-2: Ball 1-2: Foul Ball, location: 2F 1-2: Fly out, F6 (Flyball, 6D, EV 85.6 MPH)
|
|
Batting: RHB Jorge Baret
|
0-0: SINGLE (Line Drive, 7LS, EV 109.4 MPH)
|
|
Batting: RHB Takanibu Kaneshiro
|
0-0: Called Strike Jorge Baret steals 2nd base 0-1: Foul Ball, location: 2F 0-2: Ball 1-2: Ball 2-2: Foul Ball, location: 2F 2-2: Strikes out swinging
|
|
Batting: RHB Cyril Husson
|
0-0: Ball 1-0: Ball 2-0: Ball 3-0: Base on Balls
|
|
Batting: RHB Nick Wicker
|
0-0: Called Strike 0-1: Swinging Strike 0-2: Strikes out swinging
|
| Top of the 2nd over - 0 runs, 1 hit, 0 errors, 2 left on base; New Hampshire 0 - Birmingham 0 |
| BOTTOM OF THE 2ND |
|
Birmingham Barons batting - Pitching for New Hampshire Fisher Cats : LHP Jon Sosa
|
|
Batting: LHB Nick Ramsdell
|
0-0: Ground out 6-3 (Groundball, 4M, EV 103.8 MPH)
|
|
Batting: RHB Tony Reyna
|
0-0: DOUBLE (Flyball, 89D, EV 90.0 MPH)
|
|
Batting: LHB Ryan Dyal
|
0-0: Swinging Strike 0-1: Foul Ball, location: 2F 0-2: Strikes out looking
|
|
Batting: RHB Bill Williams
|
0-0: Called Strike 0-1: Swinging Strike 0-2: Foul Ball, location: 2F 0-2: Foul Ball, location: 2F 0-2: Strikes out swinging
|
| Bottom of the 2nd over - 0 runs, 1 hit, 0 errors, 1 left on base; New Hampshire 0 - Birmingham 0 |
| TOP OF THE 3RD |
|
New Hampshire Fisher Cats batting - Pitching for Birmingham Barons : RHP Nate Ragain
|
|
Batting: LHB Ray Whitehead
|
0-0: Ball 1-0: Ball 2-0: Ball 3-0: Called Strike 3-1: Fly out, F3 (Line Drive, 3, EV 70.0 MPH)
|
|
Batting: LHB Sumiki Okuhara
|
0-0: Ball 1-0: Called Strike 1-1: Foul Ball, location: 2F 1-2: Ball 2-2: Ball 3-2: Fly out, F9 (Line Drive, 9, EV 103.8 MPH)
|
|
Batting: RHB Donny Burnside
|
0-0: Ball 1-0: Foul Ball, location: 2F 1-1: Swinging Strike 1-2: Ground out 5-3 (Groundball, 5, EV 86.9 MPH)
|
| Top of the 3rd over - 0 runs, 0 hits, 0 errors, 0 left on base; New Hampshire 0 - Birmingham 0 |
| BOTTOM OF THE 3RD |
|
Birmingham Barons batting - Pitching for New Hampshire Fisher Cats : LHP Jon Sosa
|
|
Batting: LHB Kevin Rolison
|
0-0: Ball 1-0: Swinging Strike 1-1: SINGLE (Line Drive, 6D, EV 106.2 MPH)
|
|
Batting: RHB Justin Walker
|
0-0: Foul Ball, location: 2F 0-1: Swinging Strike 0-2: Ball 1-2: Foul Ball, location: 2F 1-2: Ball 2-2: Strikes out swinging
|
|
Batting: RHB Dieter Knoops
|
0-0: Swinging Strike 0-1: Swinging Strike 0-2: Fielders Choice at 2nd, 6-4 (Groundball, 6MS, EV 88.8 MPH)
|
|
Batting: LHB Ryan Karg
|
0-0: Called Strike 0-1: Ball 1-1: Ball 2-1: Called Strike 2-2: Ball 3-2: Base on Balls Dieter Knoops to second
|
|
Batting: RHB Justin Starnes
|
0-0: Called Strike 0-1: Ball Wild Pitch! Dieter Knoops to third Ryan Karg to second 1-1: Ball 2-1: Swinging Strike 2-2: Foul Ball, location: 2F 2-2: Ball 3-2: Ground out 4-3 (Groundball, 34D, EV 90.0 MPH)
|
| Bottom of the 3rd over - 0 runs, 1 hit, 0 errors, 2 left on base; New Hampshire 0 - Birmingham 0 |
| TOP OF THE 4TH |
|
New Hampshire Fisher Cats batting - Pitching for Birmingham Barons : RHP Nate Ragain
|
|
Batting: RHB Eddie LaRose
|
0-0: Called Strike 0-1: Called Strike 0-2: Ball 1-2: Ball 2-2: Ground out 6-3 (Groundball, 6MD, EV 101.2 MPH)
|
|
Batting: RHB Greg Callaghan
|
0-0: Ball 1-0: Called Strike 1-1: Called Strike 1-2: Ball 2-2: Foul Ball, location: 2F 2-2: Ball 3-2: Fly out, F8 (Flyball, 78XD, EV 92.5 MPH)
|
|
Batting: RHB Jorge Baret
|
0-0: SINGLE (Flyball, 78S, EV 91.2 MPH)
|
|
Batting: RHB Takanibu Kaneshiro
|
0-0: Ball Jorge Baret steals 2nd base 1-0: Foul Ball, location: 2F 1-1: Swinging Strike 1-2: Foul Ball, location: 2F 1-2: SINGLE (Flyball, 89S, EV 93.1 MPH) Jorge Baret to third Runner from 3rd tries for Home, throw by RF and OUT! 9-2
|
| Top of the 4th over - 0 runs, 2 hits, 0 errors, 1 left on base; New Hampshire 0 - Birmingham 0 |
| BOTTOM OF THE 4TH |
|
Birmingham Barons batting - Pitching for New Hampshire Fisher Cats : LHP Jon Sosa
|
|
Batting: LHB Nick Ramsdell
|
0-0: Fly out, F6 (Popup, 6MD, EV 51.9 MPH)
|
|
Batting: RHB Tony Reyna
|
0-0: Ball 1-0: Ball 2-0: Ball 3-0: Foul Ball, location: 2F 3-1: Base on Balls
|
|
Batting: LHB Ryan Dyal
|
0-0: Ball 1-0: Called Strike 1-1: Ball 2-1: Foul Ball, location: 2F 2-2: Strikes out swinging
|
|
Batting: RHB Bill Williams
|
Pickoff Throw to First - Error! E1 Tony Reyna to second 0-0: Ball 1-0: Ground out 4-3 (Groundball, 4, EV 93.8 MPH)
|
| Bottom of the 4th over - 0 runs, 0 hits, 1 error, 1 left on base; New Hampshire 0 - Birmingham 0 |
| TOP OF THE 5TH |
|
New Hampshire Fisher Cats batting - Pitching for Birmingham Barons : RHP Nate Ragain
|
|
Batting: RHB Cyril Husson
|
0-0: Ball 1-0: Ball 2-0: Ball 3-0: Called Strike 3-1: SINGLE (Groundball, 5S, EV 73.1 MPH) (infield hit)
|
|
Batting: RHB Nick Wicker
|
0-0: Ball 1-0: Ball 2-0: Ball 3-0: Called Strike 3-1: Hit by Pitch Cyril Husson to second
|
|
Batting: LHB Ray Whitehead
|
0-0: Grounds into double play, 4-6-3 (Groundball, 4M, EV 76.9 MPH) Cyril Husson to third
|
|
Batting: LHB Sumiki Okuhara
|
0-0: Called Strike 0-1: Ball 1-1: Foul Ball, location: 2F 1-2: Ground out 4-3 (Groundball, 4, EV 88.8 MPH)
|
| Top of the 5th over - 0 runs, 1 hit, 0 errors, 1 left on base; New Hampshire 0 - Birmingham 0 |
| BOTTOM OF THE 5TH |
|
Birmingham Barons batting - Pitching for New Hampshire Fisher Cats : LHP Jon Sosa
|
|
Batting: LHB Kevin Rolison
|
0-0: Ball 1-0: Foul Ball, location: 2F 1-1: Ball 2-1: Ball 3-1: Foul Ball, location: 2F 3-2: Foul Ball, location: 2F 3-2: Ground out 4-3 (Groundball, 4, EV 85.0 MPH)
|
|
Batting: RHB Justin Walker
|
0-0: Ball 1-0: Foul Ball, location: 2F 1-1: Foul Ball, location: 2F 1-2: Foul Ball, location: 2F 1-2: Ball 2-2: Strikes out swinging
|
|
Batting: RHB Dieter Knoops
|
0-0: Ball 1-0: Ball 2-0: Swinging Strike 2-1: DOUBLE (Line Drive, 7LM, EV 103.8 MPH)
|
|
Batting: LHB Ryan Karg
|
0-0: Ball 1-0: Foul Ball, location: 2F 1-1: SINGLE (Groundball, 6S, EV 70.0 MPH) (infield hit) Dieter Knoops to third
|
|
Batting: RHB Justin Starnes
|
0-0: Called Strike 0-1: Ball 1-1: Called Strike 1-2: Ball 2-2: Ball 3-2: Ground out 4-3 (Groundball, 4S, EV 84.4 MPH)
|
| Bottom of the 5th over - 0 runs, 2 hits, 0 errors, 2 left on base; New Hampshire 0 - Birmingham 0 |
| TOP OF THE 6TH |
|
New Hampshire Fisher Cats batting - Pitching for Birmingham Barons : RHP Nate Ragain
|
|
Batting: RHB Donny Burnside
|
0-0: Swinging Strike 0-1: Foul Ball, location: 2F 0-2: Foul Ball, location: 2F 0-2: Strikes out swinging
|
|
Batting: RHB Eddie LaRose
|
0-0: Called Strike 0-1: Ball 1-1: Foul Ball, location: 2F 1-2: Foul Ball, location: 2F 1-2: Ball 2-2: Ball 3-2: Ground out 6-3 (Groundball, 6, EV 80.6 MPH)
|
|
Batting: RHB Greg Callaghan
|
0-0: Reached on error, E1 (Groundball, 25, EV 61.2 MPH)
|
|
Batting: RHB Jorge Baret
|
0-0: Called Strike Greg Callaghan steals 2nd base 0-1: Ball 1-1: SINGLE (Line Drive, 5D, EV 104.4 MPH) Greg Callaghan to third Runner from 3rd tries for Home, SAFE, throw by LF to home
|
|
Pitching: RHP Jason Beard
|
|
|
Batting: RHB Takanibu Kaneshiro
|
0-0: Ball Jorge Baret steals 2nd base 1-0: Ball 2-0: Called Strike 2-1: Foul Ball, location: 2F 2-2: Ball 3-2: SINGLE (Groundball, 6M, EV 106.9 MPH) (infield hit) Jorge Baret to third
|
|
Batting: RHB Cyril Husson
|
0-0: Ball 1-0: Ground out 5-3 (Groundball, 56S, EV 91.2 MPH)
|
| Top of the 6th over - 1 run, 2 hits, 1 error, 2 left on base; New Hampshire 1 - Birmingham 0 |
| BOTTOM OF THE 6TH |
|
Birmingham Barons batting - Pitching for New Hampshire Fisher Cats : LHP Jon Sosa
|
|
Batting: RHB Bobby Gulsby
|
0-0: Ball 1-0: Ball 2-0: Called Strike 2-1: Ball 3-1: Swinging Strike 3-2: Foul Ball, location: 2F 3-2: Foul Ball, location: 2F 3-2: Strikes out swinging
|
|
Batting: RHB Tony Reyna
|
0-0: Ground out 6-3 (Groundball, 6, EV 100.6 MPH)
|
|
Batting: LHB Ryan Dyal
|
0-0: Ball 1-0: DOUBLE (Line Drive, 7LS, EV 106.9 MPH)
|
|
Batting: RHB Bill Williams
|
0-0: DOUBLE (Line Drive, 7LD, EV 106.2 MPH) Ryan Dyal scores
|
|
Batting: LHB Kevin Rolison
|
0-0: Ball 1-0: Called Strike 1-1: Called Strike 1-2: Ground out 5-3 (Groundball, 56, EV 82.5 MPH)
|
| Bottom of the 6th over - 1 run, 2 hits, 0 errors, 1 left on base; New Hampshire 1 - Birmingham 1 |
| TOP OF THE 7TH |
|
New Hampshire Fisher Cats batting - Pitching for Birmingham Barons : RHP Jason Beard
|
|
Batting: RHB Nick Wicker
|
0-0: Foul Ball, location: 2F 0-1: Ball 1-1: DOUBLE (Line Drive, 7LM, EV 99.4 MPH)
|
|
Pitching: LHP Craig Poor
|
|
|
Pinch Hitting: RHB Charles Marcel
|
0-0: Foul Ball, location: 2F 0-1: Swinging Strike 0-2: Ball 1-2: Ball 2-2: Ball 3-2: Base on Balls
|
|
Batting: LHB Sumiki Okuhara
|
0-0: Called Strike 0-1: Ball 1-1: Swinging Strike 1-2: Strikes out swinging
|
|
Pitching: RHP Jesus Griego
|
|
|
Batting: RHB Donny Burnside
|
0-0: Called Strike Nick Wicker steals 3rd base Charles Marcel to second 0-1: Ball 1-1: Foul Ball, location: 2F 1-2: Ball 2-2: Ball 3-2: Ground out 4-3 (Groundball, 6, EV 104.4 MPH)
|
|
Batting: RHB Eddie LaRose
|
0-0: Foul Ball, location: 2F 0-1: TRIPLE (Line Drive, 89XD, EV 104.4 MPH) Nick Wicker scores Charles Marcel scores
|
|
Batting: RHB Greg Callaghan
|
0-0: Ball 1-0: Called Strike 1-1: Swinging Strike 1-2: Fly out, F8 (Flyball, 8RD, EV 101.2 MPH)
|
| Top of the 7th over - 2 runs, 2 hits, 0 errors, 1 left on base; New Hampshire 3 - Birmingham 1 |
| BOTTOM OF THE 7TH |
|
Birmingham Barons batting - Pitching for New Hampshire Fisher Cats : LHP Jon Sosa
|
|
Pitching: RHP Andy Lee
|
|
|
Now in CF: Dan Hilyer
|
|
|
Now in RF: Sumiki Okuhara
|
|
|
Batting: RHB Justin Walker
|
0-0: Called Strike 0-1: Swinging Strike 0-2: Strikes out looking
|
|
Batting: RHB Dieter Knoops
|
0-0: Ball 1-0: Ball 2-0: Swinging Strike 2-1: Ball 3-1: Base on Balls
|
|
Pitching: LHP Doug Axelsen
|
|
|
Batting: LHB Ryan Karg
|
0-0: Ball 1-0: TRIPLE (Flyball, 78XD, EV 105.6 MPH) Dieter Knoops scores
|
|
Batting: RHB Justin Starnes
|
0-0: Called Strike 0-1: Foul Ball, location: 2F 0-2: Ball 1-2: Foul Ball, location: 2F 1-2: Strikes out swinging
|
|
Batting: RHB Bobby Gulsby
|
0-0: Ball 1-0: Foul Ball, location: 2F 1-1: Swinging Strike 1-2: Ball 2-2: Ground out 1-3 (Groundball, 13S, EV 75.6 MPH)
|
| Bottom of the 7th over - 1 run, 1 hit, 0 errors, 1 left on base; New Hampshire 3 - Birmingham 2 |
| TOP OF THE 8TH |
|
New Hampshire Fisher Cats batting - Pitching for Birmingham Barons : RHP Jesus Griego
|
|
Pitching: RHP Willie Lasso
|
|
|
Batting: RHB Jorge Baret
|
0-0: Ground out 5-3 (Groundball, 25, EV 68.8 MPH)
|
|
Batting: RHB Takanibu Kaneshiro
|
0-0: Ground out 5-3 (Groundball, 56, EV 83.1 MPH)
|
|
Batting: RHB Cyril Husson
|
0-0: Called Strike 0-1: Ball 1-1: Ball 2-1: Foul Ball, location: 2F 2-2: Fly out, F9 (Line Drive, 9, EV 93.8 MPH)
|
| Top of the 8th over - 0 runs, 0 hits, 0 errors, 0 left on base; New Hampshire 3 - Birmingham 2 |
| BOTTOM OF THE 8TH |
|
Birmingham Barons batting - Pitching for New Hampshire Fisher Cats : LHP Doug Axelsen
|
|
Batting: RHB Tony Reyna
|
0-0: Ball 1-0: Fly out, F8 (Flyball, 8LM, EV 83.1 MPH)
|
|
Pinch Hitting: RHB Justin Thacker
|
0-0: Swinging Strike 0-1: Swinging Strike 0-2: Ball 1-2: Ball 2-2: Foul Ball, location: 2F 2-2: Ball 3-2: Foul Ball, location: 2F 3-2: Base on Balls
|
|
Batting: RHB Bill Williams
|
0-0: SINGLE (Line Drive, 8RS, EV 108.1 MPH) Justin Thacker to second
|
|
Batting: LHB Kevin Rolison
|
0-0: Called Strike 0-1: Ball 1-1: SINGLE (Groundball, 6MD, EV 97.5 MPH) Justin Thacker to third Bill Williams to second Runner from 3rd tries for Home, throw by CF and OUT! 8-2
|
|
Batting: RHB Justin Walker
|
0-0: Foul Ball, location: 2F 0-1: Ball 1-1: Called Strike 1-2: Strikes out swinging
|
| Bottom of the 8th over - 0 runs, 2 hits, 0 errors, 2 left on base; New Hampshire 3 - Birmingham 2 |
| TOP OF THE 9TH |
|
New Hampshire Fisher Cats batting - Pitching for Birmingham Barons : RHP Willie Lasso
|
|
Now at 2B: Justin Thacker
|
|
|
Batting: RHB Nick Wicker
|
0-0: Ball 1-0: Ball 2-0: Called Strike 2-1: Foul Ball, location: 2F 2-2: Strikes out swinging
|
|
Batting: RHB Dan Hilyer
|
0-0: Called Strike 0-1: Ball 1-1: Ball 2-1: Fly out, F7 (Flyball, 7LS, EV 87.5 MPH)
|
|
Batting: LHB Sumiki Okuhara
|
0-0: Ball 1-0: Foul Ball, location: 2F 1-1: Foul Ball, location: 2F 1-2: SINGLE (Groundball, 25, EV 67.5 MPH) (infield hit)
|
|
Batting: RHB Donny Burnside
|
0-0: Called Strike 0-1: Ball Sumiki Okuhara is caught stealing 2nd base 2-4
|
| Top of the 9th over - 0 runs, 1 hit, 0 errors, 0 left on base; New Hampshire 3 - Birmingham 2 |
| BOTTOM OF THE 9TH |
|
Birmingham Barons batting - Pitching for New Hampshire Fisher Cats : LHP Doug Axelsen
|
|
Pitching: LHP Julio Gonzalez
|
|
|
Batting: RHB Dieter Knoops
|
0-0: Called Strike 0-1: Swinging Strike 0-2: Strikes out swinging
|
|
Pinch Hitting: RHB Danny Bunn
|
0-0: Ground out 6-3 (Groundball, 6D, EV 100.0 MPH)
|
|
Batting: RHB Justin Starnes
|
0-0: Ground out U3 (Groundball, 3, EV 86.2 MPH)
|
| Bottom of the 9th over - 0 runs, 0 hits, 0 errors, 0 left on base; New Hampshire 3 - Birmingham 2 |
|